 Dungeon Crawl Stone Soup version 0.22-a0-417-g1387785 (webtiles) character file.

232 nikopol the Firebug (level 5, -5/28 HPs)
             Began as a Deep Elf Fire Elementalist on May 14, 2018.
             Slain by Grinder (7 damage)
             ... while paralysed by Grinder
             ... on level 3 of the Dungeon.
             The game lasted 00:08:30 (2269 turns).

nikopol the Firebug (Deep Elf Fire Elementalist)    Turns: 2269, Time: 00:08:31

Health: -5/28      AC:  5    Str:  5    XL:     5   Next: 73%
Magic:  5/14       EV:  2    Int: 21    God:
Gold:   121        SH:  0    Dex: 15    Spells: 3/13 levels left

rFire    + . .     SeeInvis .   b - +0 dagger
rCold    + . .     Gourm    .   (no shield)
rNeg     . . .     Faith    .   j - +2 robe {rC+}
rPois    .         Spirit   .   (no helmet)
rElec    .         Reflect  .   i - +0 cloak
rCorr    .         Harm     .   (no gloves)
MR       .....                  (no boots)
Stlth    ++........             (no amulet)
HPRegen  0.09/turn              d - ring of protection from fire
MPRegen  0.14/turn              (no ring)

@: paralysed
A: no striking features
a: no special abilities


You were on level 3 of the Dungeon.
You were very hungry.

You visited 1 branch of the dungeon, and saw 3 of its levels.

You collected 121 gold pieces.

Inventory:

Hand Weapons
 b - a +0 dagger (weapon)
Armour
 a - a +0 robe
 i - a +0 cloak (worn)
 j - a +2 robe of cold resistance (worn)
Jewellery
 d - a ring of protection from fire (left hand)
Scrolls
 f - a scroll of random uselessness {unknown}
 m - a scroll of amnesia {unknown}
Potions
 e - 2 potions of heal wounds {unknown}
 g - 2 potions of degeneration {unknown}
 h - a potion of flight {unknown}
 k - a potion of brilliance {unknown}
 l - a potion of curing {unknown}
Comestibles
 c - 5 rations


   Skills:
 + Level 0.2 Fighting
 + Level 2.9 Dodging
 + Level 3.1 Stealth
 + Level 4.9 Spellcasting
 + Level 2.8 Conjurations
 + Level 5.1 Fire Magic


You had 3 spell levels left.
You knew the following spells:

 Your Spells              Type           Power        Failure   Level  Hunger
a - Flame Tongue          Conj/Fire      ###..        2%          1    None
b - Throw Flame           Conj/Fire      ###...       3%          2    None
c - Conjure Flame         Conj/Fire      ###.....     6%          3    ##.....
d - Sticky Flame          Conj/Fire      ###.....     22%         4    ####...

Your spell library contained the following spells:

 Spells                   Type           Power        Failure   Level  Hunger
 Fireball                 Conj/Fire      ###.......   52%         5    #####..
 Inner Flame              Hex/Fire       ###.....     12%         3    ##.....


Dungeon Overview and Level Annotations

Branches:
Dungeon (3/15)

Altars:
Uskayaw

Annotations:
D:3 Grinder


Message History

Casting: Throw Flame (safe; 3% risk of failure)
Confirm with . or Enter, or press ? or * to list all spells.
Aiming: Flame Tongue (safe; 2% risk of failure)
Press: ? - help, Shift-Dir - straight line, f/p - Grinder
Aim: Grinder (severely wounded, covered in liquid flames)
The flame tongue misses Grinder.
Grinder burns!
Grinder stops burning.
Casting: Flame Tongue (safe; 2% risk of failure)
Confirm with . or Enter, or press ? or * to list all spells.
Aiming: Flame Tongue (safe; 2% risk of failure)
Press: ? - help, Shift-Dir - straight line, f/p - Grinder
Aim: Grinder (almost dead)
The flame tongue misses Grinder.
Grinder gestures at you.
You suddenly lose the ability to move!
Grinder blinks!
Grinder hits you!
You writhe in agony.
Grinder hits you!
* * * LOW HITPOINT WARNING * * *
Grinder hits you!
You die...

.....##### #.#
#........# #.#
#....###.####.####
#..............(.#
#.............##.######.
........................
#....###.#.##..#.##.###.
.........#.##...5.......
................@.......
....................####
......##...#.........#
...............
..#.........###
..............
...............
...............


You could see Grinder.

Vanquished Creatures
  Sigmund (D:2)
  An adder (D:2)
  2 oozes (D:1)
  A dart slug (D:1)
  A leopard gecko (D:2)
  6 giant cockroaches
  7 goblins
  10 hobgoblins
  5 jackals (D:1)
  6 kobolds
  A quokka (D:2)
  2 bats (D:1)
  3 frilled lizards
  7 rats
53 creatures vanquished.

Notes
Turn   | Place    | Note
-------+----------+-------------------------------------------
     0 | D:1      | nikopol the Deep Elf Fire Elementalist began the quest for the Orb.
     0 | D:1      | Reached XP level 1. HP: 10/10 MP: 6/6
    76 | D:1      | Reached XP level 2. HP: 15/15 MP: 2/8
   171 | D:1      | Reached skill level 4 in Fire Magic
   405 | D:1      | Reached XP level 3. HP: 15/19 MP: 1/9
   621 | D:1      | Learned a level 2 spell: Throw Flame
   625 | D:1      | Learned a level 3 spell: Conjure Flame
  1088 | D:2      | Noticed Sigmund
  1752 | D:2      | Reached XP level 4. HP: 24/24 MP: 9/11
  1899 | D:2      | Killed Sigmund
  1899 | D:2      | Reached skill level 5 in Fire Magic
  1899 | D:2      | Reached XP level 5. HP: 28/28 MP: 2/14
  2091 | D:3      | Found a hide-covered altar of Uskayaw.
  2104 | D:3      | Learned a level 4 spell: Sticky Flame
  2252 | D:3      | Noticed Grinder
  2256 | D:3      | Paralysed by Grinder for 5 turns
  2265 | D:3      | Paralysed by Grinder for 5 turns
  2269 | D:3      | Slain by Grinder

Vault maps used:
D:1:      lightli_arrival_statuegarden
D:2:      minmay_goblin_kobold_house, uniq_sigmund
D:3:      nemelex_xobeh_ov_fountains_minmay, overflow_temple_1_default,
          uniq_grinder

Skill      XL: |  1  2  3  4 |
---------------+-------------+-----
Fire Magic     | 4 5 |  5.1
Stealth        | 3 |  3.1
Spellcasting   | 4 |  4.9
Conjurations   | 2 |  2.8
Fighting       | |  0.2
Dodging        | |  2.9

Action                   |  1- 3 |  4- 6 || total
-------------------------+-------+-------++-------
Melee: Dagger            |     6 |     1 ||     7
 Cast: Flame Tongue      |    77 |    23 ||   100
       Conjure Flame     |     1 |     1 ||     2
       Throw Flame       |       |     2 ||     2
       Sticky Flame      |       |     1 ||     1
  Use: Scroll            |     2 |       ||     2
  Eat: Chunk             |     2 |     1 ||     3
Armor: Robe              |     4 |     3 ||     7
Dodge: Dodged            |    15 |     7 ||    22

Table legend:
 A = Spawn XP
 B = Non-spawn XP
 C = Spawn XP percentage of total XP
 D = Spawn monster count
 E = Non-spawn monster count
 F = Spawn count percentage of total count
 G = Total turns spent on level
                    A         B        C        D         E        F      G
               +---------+---------+-------+---------+---------+-------+---------
         Total |       0 |     332 |   0.0 |       0 |      53 |   0.0 |  2269
               +---------+---------+-------+---------+---------+-------+---------
           D:1 |       0 |      57 |   0.0 |       0 |      27 |   0.0 |  1044
           D:2 |       0 |     261 |   0.0 |       0 |      18 |   0.0 |   976
           D:3 |       0 |      14 |   0.0 |       0 |       8 |   0.0 |   249
               +---------+---------+-------+---------+---------+-------+---------
